 Dungeon Crawl Stone Soup version 0.30-a0-463-g4188047c90 (webtiles) character file.

Game seed: 2337962092766270280

204209 Sekuso the Impaler (level 19, -4/157 HPs)
             Began as a Formicid Wanderer on Dec 17, 2022.
             Was the Champion of Nemelex Xobeh.
             Slain by a merfolk
             ... wielding a +1 trident of venom
             ... led by a merfolk aquamancer
              (9 damage)
             ... on level 2 of the Shoals.
             The game lasted 02:07:38 (29714 turns).

Sekuso the Impaler (Formicid Wanderer)             Turns: 29714, Time: 02:07:39

Health: -4/157     AC: 23    Str: 26    XL:     19   Next: 35%
Magic:  30/30      EV: 15    Int:  9    God:    Nemelex Xobeh [******]
Gold:   1963       SH: 19    Dex: 15    Spells: 18/18 levels left

rFire   . . .      SeeInvis +    Q - +4 bardiche (vorpal)
rCold   . . .      Faith    .    W - +0 tower shield {AC+3}
rNeg    . . .      Spirit   .    U - +7 troll leather armour of Hijeox {rElec Regen+}
rPois   .          Reflect  .    (helmet unavailable)
rElec   +          Harm     .    y - +2 cloak
rCorr   .          Rampage  .    d - +2 pair of gloves
Will    ++...                    O - +0 pair of boots
Stlth   ++........               I - amulet of regeneration
HPRegen 2.06/turn                L - ring of willpower
MPRegen 0.22/turn                E - +4 ring of slaying

@: lethally poisoned (-4 -> -5), very slow
A: permanent stasis, dig shafts and tunnels, antennae 3, four strong arms
}: 1/15 runes: serpentine
a: Dig, Shaft Self, Renounce Religion, Draw Escape, Draw Destruction, Draw
Summoning, Draw Stack, Triple Draw, Deal Four, Stack Five


You were on level 2 of the Shoals.
You worshipped Nemelex Xobeh.
Nemelex Xobeh was exalted by your worship.
You visited 5 branches of the dungeon, and saw 28 of its levels.
You also visited: Bailey.

You collected 2815 gold pieces.
You spent 852 gold pieces at shops.

Inventory:

Hand Weapons
 P - a +6 halberd of flaming
 Q - a +4 vorpal bardiche (weapon)
Missiles
 a - 12 curare-tipped darts
 f - 19 javelins
 x - 32 boomerangs (quivered)
 H - 4 datura-tipped darts
 J - 4 throwing nets
 R - 6 atropa-tipped darts
 T - 3 silver boomerangs
Armour
 d - a +2 pair of gloves (worn)
 y - a +2 cloak (worn)
 N - a +1 tower shield of poison resistance
 O - a +0 pair of boots (worn)
 U - the +7 troll leather armour of Hijeox (worn) {rElec Regen+}
   (You bought it in a shop on level 2 of the Orcish Mines)

   rElec:     It insulates you from electricity.
   Regen:     It increases your rate of health regeneration.
 W - a +0 tower shield of protection (worn)
 Z - a +1 tower shield of positive energy
Jewellery
 h - an amulet of the acrobat
 q - a ring of protection from cold
 v - a +4 ring of protection
 E - a +4 ring of slaying (right hand)
 I - an amulet of regeneration (around neck)
 L - a ring of willpower (left hand)
 Y - a ring of protection from fire
Wands
 j - a wand of flame (6)
 s - a wand of charming (31)
 u - a wand of iceblast (17)
 w - a wand of light (2)
 F - a wand of mindburst (8)
 M - a wand of polymorph (4)
Scrolls
 b - 2 scrolls of immolation
 g - 6 scrolls of poison
 i - 5 scrolls of amnesia
 l - 4 scrolls of vulnerability
 o - 4 scrolls of fog
 p - 2 scrolls of silence
 r - 2 scrolls of magic mapping
 t - 8 scrolls of identify
 D - 2 scrolls of torment
Potions
 c - 6 potions of brilliance
 e - 4 potions of invisibility
 m - 5 potions of mutation
 n - 5 potions of lignification
 z - 4 potions of attraction
 A - 4 potions of flight
 B - 7 potions of curing
 C - 3 potions of ambrosia
 G - 4 potions of resistance
 S - 3 potions of cancellation
Miscellaneous
 K - a tin of tremorstones (2/2)


   Skills:
 - Level 16.0 Fighting
 - Level 17.0(17.5) Polearms
 - Level 6.7(12.9) Staves
 - Level 5.0 Throwing
 - Level 7.0 Armour
 - Level 10.0 Dodging
 - Level 5.0 Stealth
 + Level 15.8 Shields
 - Level 4.0 Unarmed Combat
 - Level 15.0 Invocations
 - Level 5.0 Evocations


You had 18 spell levels left.
You didn't know any spells.
Your spell library contained the following spells:

 Spells                   Type           Power      Damage    Failure   Level
 Apportation              Tloc           0%         N/A       75%         1
 Cigotuvi's Dreadful Rot  Necr/Pois/Air  0%         N/A       86%         2
 Sublimation of Blood     Necr           0%         N/A       86%         2
 Dazzling Flash           Conj/Hex       0%         N/A       98%         3
 Gell's Gravitas          Tloc           0%         N/A       98%         3
 Kindle Blastsparks       Fire/Tloc/Air  0%         2d10      98%         3
 Lesser Beckoning         Tloc           0%         N/A       98%         3
 Summon Guardian Golem    Hex/Summ       0%         N/A       98%         3
 Teleport Other           Tloc           0%         N/A       98%         3
 Animate Dead             Necr           0%         N/A       100%        4
 Dispel Undead            Necr           0%         3d6       100%        4
 Fulminant Prism          Conj/Hex       0%         3d5       100%        4
 Iskenderun's Mystic Bla  Conj/Tloc      0%         2d3       100%        4
 Manifold Assault         Tloc           0%         N/A       100%        4
 Petrify                  Tmut/Erth      0%         N/A       100%        4
 Summon Ice Beast         Ice/Summ       0%         N/A       100%        4
 Agony                    Necr           0%         N/A       100%        5
 Alistair's Intoxication  Tmut/Pois      0%         N/A       100%        5
 Borgnjor's Vile Clutch   Necr/Erth      0%         N/A       100%        5
 Freezing Cloud           Conj/Ice/Air   0%         6-21      100%        5
 Irradiate                Conj/Tmut      0%         3d11      100%        5
 Iskenderun's Battlesphe  Conj           0%         2d6       100%        5
 Lee's Rapid Deconstruct  Erth           0%         3d4*      100%        5
 Metabolic Englaciation   Hex/Ice        0%         N/A       100%        5
 Silence                  Hex/Air        0%         N/A       100%        5
 Summon Mana Viper        Hex/Summ       0%         N/A       100%        5
 Conjure Ball Lightning   Conj/Air       0%         3x3d7     100%        6
 Death Channel            Necr           0%         N/A       100%        6
 Dispersal                Tloc           0%         N/A       100%        6
 Iron Shot                Conj/Erth      0%         9d1       100%        6
 Starburst                Conj/Fire      0%         6d3       100%        6
 Monstrous Menagerie      Summ           0%         N/A       100%        7
 Orb of Destruction       Conj           0%         9d5       100%        7
 Ozocubu's Refrigeration  Ice            0%         4d7       100%        7
 Spellforged Servitor     Conj/Summ      0%         N/A       100%        7
 Discord                  Hex            0%         N/A       100%        8
 Disjunction              Tloc           0%         N/A       100%        8


Dungeon Overview and Level Annotations

Branches:
Dungeon (15/15)            Temple (0/1) D:6            Lair (5/5) D:8
 Shoals (2/4) Lair:2        Snake (4/4) Lair:3        Slime (0/5) Lair:5
    Orc (2/2) D:9             Elf (0/3) Orc:2        Vaults (0/5) D:13
 Depths (0/4) D:15         Bailey (visited)

Altars:
Ashenzari
Cheibriados
Elyvilon
Kikubaaqudgha
Makhleb
Nemelex Xobeh
Okawaru
Qazlal
Trog
Vehumet
Xom

Shops:
D:7 =   Orc:1 ?   Orc:2 *[([*   Shoals:2 (   Snake:3 *

Annotations:
D:5 exclusion: downstairs
D:7 exclusion: 2 downstairs
D:8 exclusion: 2 downstairs
D:9 2 transporters, 3 exclusions, Erolcha; bezhaha's ghost, journeyman DjFE
D:10 exclusion: upstairs
D:13 3 runed translucent doors, exclusion: 3 doors, Zigma's ghost, journeyman DrMo
Lair:1 exclusion: downstairs
Lair:5 exclusion: obsidian statue
Snake:1 1 runed translucent door, exclusion: downstairs, atomjack's ghost, adept BaHu
Orc:1 1 runed translucent door
Orc:2 exclusion: 2 doors


Innate Abilities, Weirdness & Mutations

You cannot be hasted, slowed, berserked, paralysed or teleported.
You can dig through walls and to a lower floor.
You have a pair of large antennae on your head. (SInv)
Your four strong arms can wield two-handed weapons with a shield.


Message History

The merfolk aquamancer gestures wildly while chanting.
The merfolk aquamancer blinks!
You block the merfolk impaler's attack. You block the water nymph's attack.
The water elemental hits you.
Your wind drake's willpower is stripped away.
Your killer bee stings the water elemental.
The water elemental is destroyed!
You gasp with relief as air once again reaches your lungs.
Your killer bee is engulfed in calcifying dust.
Your killer bee is moving more slowly.
The merfolk impaler hits you from afar with a +2 trident of freezing.
* * * LOW HITPOINT WARNING * * *
The merfolk impaler freezes you.
* * * LOW HITPOINT WARNING * * *
You hear a haunting song.
A sling bullet appears from out of your range of vision.
You feel much better.
You feel sick.
The water nymph seems to return to its normal shape.
Your killer bee stings the water nymph.
The water nymph is poisoned.
Your killer bee poisons the water nymph!
The water nymph touches you. The water nymph drowns you!
* * * LOW HITPOINT WARNING * * *
Sekuso's illusion hits the water nymph!!
The water elemental hits something.
The water elemental engulfs something in water!
The merfolk impaler hits you from afar with a +2 trident of freezing!
* * * LOW HITPOINT WARNING * * *
The merfolk impaler freezes you.
* * * LOW HITPOINT WARNING * * *
You block the water elemental's attack.
The water nymph is engulfed in calcifying dust.
A sling bullet appears from out of your range of vision.
Your killer bee closely misses the water nymph.
The merfolk hits your killer bee with a +0 trident!!
Your killer bee dies!
Your killer bee's corpse disappears in a puff of smoke!
You hear an eerie melody.
A sling bullet appears from out of your range of vision.
The merfolk hits you from afar with a +1 trident of venom!
You die...
Your body glows with a rainbow of weird colours and disappears.

~~~).)).).......
~......[)......?
...........^.§..
............§...
....§...)..H....
....§.§~~8......
.......Em#......
~...§8m~@@y>.8..
~~~~..§m#yY.....
~~~~.mmE{8).....
~~~~~..k§..†....
~~~~~...........
~~~~~~?.........
≈≈~~~~~~~..mP~~~
≈~~~~~~~~~~~~~~~


You could see a merfolk impaler, a merfolk aquamancer, 2 merfolk, 2 water
elementals, 2 water nymphs, a friendly catoblepas (summoned), a friendly wind
drake (summoned, repels missiles, weak-willed), 2 friendly killer bees and the
friendly Sekuso's illusion (summoned).

Vanquished Creatures
  Kirke (Lair:4)
  An emperor scorpion (Snake:4)
  Louise (Snake:2)
  5 nagarajas
  Aizul (Snake:2)
  4 dire elephants
  An entropy weaver (Snake:3)
  7 hydras
  A catoblepas (D:13)
  3 centaur warriors
  8 vault guards (D:13)
  7 anacondas
  4 two-headed ogres
  2 boulder beetles
  15 naga warriors
  10 naga sharpshooters
  9 shock serpents
  13 death yaks (Lair:5)
  Urug (D:12)
  5 skeletal warriors (D:14)
  A fire crab (Lair:5)
  A spectral death yak (Lair:5)
  6 salamander mystics
  A spectral anaconda (Lair:5)
  6 sea snakes (Snake:4)
  A deep elf archer (D:12)
  A wizard (D:14)
  2 deep elf pyromancers (D:14)
  3 naga ritualists
  13 mana vipers
  An ugly thing (D:8)
  An orc sorcerer (Orc:2)
  6 cyclopes
  4 necromancers (Lair:5)
  16 salamanders
  A wolf spider (D:15)
  5 manticores
  18 elephants
  3 merfolk sirens (Shoals:2)
  4 guardian serpents
  30 black mambas
  18 naga magi
  2 torpor snails (Lair:5)
  A water nymph (Shoals:1)
  4 gargoyles
  8 cane toads
  2 rime drakes
  An unseen horror (shapeshifter) (D:13)
  A komodo dragon (Lair:5)
  Maggie (D:7)
  4 unseen horror zombies (D:9)
  5 unseen horrors
  An efreet (D:14)
  2 merfolk
  A tengu conjurer (D:13)
  4 trolls
  A wind drake (Lair:2)
  2 polar bears (Lair:5)
  A snapping turtle (Shoals:1)
  Grinder (D:4)
  7 blink frogs (Lair:5)
  8 dream sheep
  A spectral elephant (Lair:5)
  18 slime creatures
  2 wraiths
  A shadow (D:12)
  3 wyverns
  35 yaks
  3 basilisks
  5 hogs (Lair:4)
  6 vampire mosquitoes
  An acid dragon (D:12)
  50 nagas
  15 water moccasins
  29 orc warriors
  4 black bears (D:5)
  7 ogres
  8 wolves
  7 centaurs
  An elephant skeleton (Lair:5)
  A phantom (D:6)
  9 kobold brigands
  A necrophage (D:8)
  5 scorpions
  7 bullfrogs
  3 wights (D:8)
  8 killer bees
  5 electric eels
  5 howler monkeys
  2 lava snakes (Lair:4)
  4 centaur zombies (D:9)
  3 hounds
  4 gnoll boudas
  16 orc priests
  3 iguanas
  15 orc wizards
  2 howler monkey zombies (D:9)
  21 gnolls
  5 adders
  2 white imps
  An ufetubus (D:5)
  5 worms
  2 dart slugs
  55 orcs
  5 ball pythons
  6 endoplasms
  A giant cockroach (D:3)
  9 goblins
  6 hobgoblins
  3 jackals (D:2)
  28 kobolds
  4 quokkas
  9 bats
  5 frilled lizards
  4 rats
758 creatures vanquished.

Vanquished Creatures (collateral kills)
  A fire giant (Shoals:2)
  An orc warlord (Orc:2)
  A merfolk impaler (Shoals:2)
  Fannar (Lair:3)
  A salamander tyrant (Snake:3)
  A naga sharpshooter (Snake:3)
  A sea snake (Shoals:2)
  A swamp dragon (Shoals:2)
  An orc knight (Bailey)
  2 lindwurms
  An orc sorcerer (Orc:2)
  A manticore (Shoals:2)
  2 elephants (Lair:5)
  A troll (Orc:2)
  A blink frog (Lair:5)
  A jumping spider (Snake:3)
  A yak (Lair:5)
  2 water elementals (Shoals:2)
  2 orc warriors (Orc:2)
  An ogre (Orc:2)
  An orc priest (Orc:2)
  An orc (Orc:2)
26 creatures vanquished.

Vanquished Creatures (others)
  21 fungi (Lair:5)
  37 plants
  38 withered plants
96 creatures vanquished.

Grand Total: 880 creatures vanquished

Notes
Turn   | Place    | Note
-------+----------+-------------------------------------------
     0 | D:1      | Sekuso the Formicid Wanderer began the quest for the Orb.
     0 | D:1      | Sekuso set off with the following items: a +0 quarterstaff,
                  | a potion of heal wounds, a scroll of fear, a +0 pair of
                  | gloves, a potion of invisibility, a +0 leather armour.
     0 | D:1      | Reached XP level 1. HP: 16/16 MP: 1/1
   297 | D:1      | Reached XP level 2. HP: 23/23 MP: 2/2
   685 | D:4      | Reached XP level 3. HP: 23/29 MP: 3/3
  1052 | D:1      | Found a faded altar of an unknown god.
  1580 | D:1      | Reached XP level 4. HP: 37/37 MP: 4/4
  1601 | D:1      | Reached skill level 1 in Armour
  2075 | D:2      | Reached XP level 5. HP: 42/42 MP: 5/5
  2612 | D:4      | Found a shimmering altar of Xom.
  2684 | D:4      | Found a sparkling altar of Nemelex Xobeh.
  2692 | D:4      | Became a worshipper of Nemelex Xobeh the Trickster
  2862 | D:4      | Found a burning altar of Makhleb.
  3022 | D:4      | Reached * piety under Nemelex Xobeh
  3044 | D:4      | Found a stormy altar of Qazlal.
  3101 | D:4      | Noticed Grinder
  3113 | D:4      | Killed Grinder
  3114 | D:4      | Reached skill level 5 in Fighting
  3114 | D:4      | Reached XP level 6. HP: 33/51 MP: 5/8
  3405 | D:5      | Entered Level 5 of the Dungeon
  3522 | D:4      | Reached XP level 7. HP: 39/56 MP: 9/9
  3824 | D:5      | Found a radiant altar of Vehumet.
  3956 | D:5      | Received a gift from Nemelex Xobeh
  3973 | D:5      | Found a bloodstained altar of Trog.
  4018 | D:5      | Reached XP level 8. HP: 64/64 MP: 11/11
  4081 | D:5      | Reached skill level 5 in Staves
  4106 | D:5      | Reached skill level 1 in Evocations
  4869 | D:6      | Reached ** piety under Nemelex Xobeh
  4869 | D:6      | Received a gift from Nemelex Xobeh
  4945 | D:8      | Noticed a yak
  4945 | D:8      | Noticed a yak
  4945 | D:8      | Noticed a yak
  4946 | D:8      | Noticed a yak
  4946 | D:8      | Noticed a yak
  5183 | D:6      | Reached XP level 9. HP: 71/72 MP: 12/12
  5307 | D:7      | Found Bipsuk's Jewellery Boutique.
  5315 | D:7      | Reached skill level 1 in Throwing
  5768 | D:6      | Found a staircase to the Ecumenical Temple.
  6082 | D:7      | Noticed Maggie
  6087 | D:7      | Killed Maggie
  6088 | D:7      | Reached skill level 5 in Throwing
  6403 | D:7      | Reached skill level 5 in Invocations
  6406 | D:7      | Reached skill level 5 in Evocations
  6563 | D:7      | Found a broken altar of Ashenzari.
  6615 | D:7      | Reached *** piety under Nemelex Xobeh
  6624 | D:7      | Received a gift from Nemelex Xobeh
  7465 | D:8      | Reached XP level 10. HP: 80/80 MP: 13/13
  7514 | D:8      | Reached skill level 5 in Stealth
  7566 | D:8      | Noticed a purple ugly thing
  7639 | D:9      | Noticed Erolcha
  7768 | D:8      | Reached skill level 1 in Polearms
  7806 | D:8      | Reached skill level 2 in Polearms
  7885 | D:8      | Found an ancient bone altar of Kikubaaqudgha.
  8240 | D:8      | Found a snail-covered altar of Cheibriados.
  8320 | D:8      | Found a staircase to the Lair.
  8440 | D:9      | Noticed a two-headed ogre
  8531 | Lair:1   | Entered Level 1 of the Lair of Beasts
  8580 | Lair:1   | Reached **** piety under Nemelex Xobeh
  8581 | Lair:1   | Received a gift from Nemelex Xobeh
  8762 | Lair:1   | Reached skill level 1 in Shields
  8837 | Lair:2   | Received a gift from Nemelex Xobeh
  8974 | Lair:1   | Reached skill level 5 in Shields
  9148 | Lair:1   | Received a gift from Nemelex Xobeh
  9268 | Lair:1   | Noticed a cane toad
  9272 | Lair:1   | Killed a cane toad
  9273 | Lair:1   | Reached XP level 11. HP: 89/89 MP: 14/14
  9748 | Lair:2   | Reached skill level 5 in Armour
  9755 | Lair:2   | Reached skill level 5 in Dodging
  9986 | Lair:2   | Reached ***** piety under Nemelex Xobeh
 10060 | Lair:2   | Reached skill level 10 in Fighting
 10060 | Lair:2   | Reached skill level 3 in Polearms
 10194 | Lair:2   | Found a staircase to the Shoals.
 10195 | Lair:2   | Noticed a manticore
 10281 | Lair:2   | Reached skill level 4 in Polearms
 10413 | D:8      | Killed a purple ugly thing
 10447 | D:9      | Reached skill level 5 in Polearms
 10569 | D:9      | Found a transporter.
 10569 | D:9      | Found a transporter.
 10569 | D:9      | Noticed a two-headed ogre
 10569 | D:9      | Noticed a two-headed ogre
 10569 | D:9      | Noticed bezhaha's ghost (journeyman DjFE)
 10570 | D:9      | Noticed a two-headed ogre
 10570 | D:9      | Noticed a two-headed ogre
 10572 | D:9      | Identified the +11 dire flail "Fiog" {flame, *Rage rN++}
 10572 | D:9      | Noticed a two-headed ogre
 10580 | D:9      | Reached skill level 6 in Polearms
 10593 | D:9      | Found a staircase to the Orcish Mines.
 10732 | D:9      | Killed a two-headed ogre
 10733 | D:9      | Reached skill level 7 in Polearms
 10754 | D:9      | Identified the +4 chain mail of Heel {rElec rF- Dex+4}
 10796 | D:10     | Entered Level 10 of the Dungeon
 10819 | D:9      | Found a white marble altar of Elyvilon.
 10860 | D:11     | Received a gift from Nemelex Xobeh
 10998 | D:10     | Found a flagged portal.
 11003 | Bailey   | Entered a bailey
 11107 | Bailey   | Noticed an orc knight
 11138 | Bailey   | Killed an orc knight
 11139 | Bailey   | Reached skill level 8 in Polearms
 11139 | Bailey   | Reached XP level 12. HP: 96/97 MP: 15/15
 11158 | Bailey   | Identified the amulet "Noima" {RegenMP Harm Dex-3 Slay+5
                  | SInv}
 11191 | Bailey   | Found an iron altar of Okawaru.
 11327 | D:10     | Received a gift from Nemelex Xobeh
 11678 | D:10     | Reached skill level 9 in Polearms
 12349 | Orc:1    | Entered Level 1 of the Orcish Mines
 12362 | Orc:1    | Noticed a two-headed ogre
 12371 | Orc:1    | Killed a two-headed ogre
 12571 | Orc:1    | Reached skill level 10 in Polearms
 12600 | Orc:1    | Received a gift from Nemelex Xobeh
 12617 | Orc:1    | Found Villush's Magic Scroll Shoppe.
 12640 | Orc:1    | You fall into a shaft and drop 1 floor!
 12640 | Orc:2    | Entered Level 2 of the Orcish Mines
 12802 | Orc:2    | Found a staircase to the Elven Halls.
 13046 | Orc:1    | Received a gift from Nemelex Xobeh
 13053 | Orc:1    | Found a runed translucent door.
 13275 | Orc:2    | Found Saodot's Assorted Antiques.
 13303 | Orc:2    | Reached skill level 11 in Polearms
 13329 | Orc:2    | Found Ruoxzops's Armour Boutique.
 13413 | Orc:2    | Found Judepem's General Store.
 13993 | Orc:2    | Noticed an orc warlord
 14017 | Orc:2    | Killed an orc warlord
 14099 | Orc:2    | Reached XP level 13. HP: 106/106 MP: 17/17
 14144 | Orc:2    | Found Muaden's Antique Weapon Emporium.
 14155 | Orc:2    | Found Coaleweu's Antique Armour Shoppe.
 14172 | Orc:2    | Bought a runed kite shield for 232 gold pieces
 14392 | Orc:2    | Bought a jewelled troll leather armour for 620 gold pieces
 14392 | Orc:2    | Identified the +7 troll leather armour of Hijeox {rElec
                  | Regen+} (You bought it in a shop on level 2 of the Orcish
                  | Mines)
 14711 | Lair:2   | Received a gift from Nemelex Xobeh
 14881 | Lair:2   | Reached ****** piety under Nemelex Xobeh
 14914 | Lair:2   | Identified the +10 short sword of the Crafting Gods {drain,
                  | Drain rCorr Int+3}
 15181 | Lair:3   | Noticed a seven-headed hydra
 15187 | Lair:3   | Killed a seven-headed hydra
 15231 | Lair:3   | Received a gift from Nemelex Xobeh
 15305 | Lair:3   | Found a staircase to the Snake Pit.
 15434 | Lair:3   | Noticed Fannar
 15440 | Lair:3   | Killed Fannar
 15818 | Lair:4   | Received a gift from Nemelex Xobeh
 16092 | Lair:4   | Noticed Kirke
 16100 | Lair:4   | Killed Kirke
 16101 | Lair:4   | Reached skill level 10 in Shields
 16108 | Lair:4   | Received a gift from Nemelex Xobeh
 16357 | Lair:4   | Received a gift from Nemelex Xobeh
 16552 | Lair:5   | Entered Level 5 of the Lair of Beasts
 16581 | Lair:5   | Noticed a seven-headed hydra
 16586 | Lair:5   | Killed a six-headed hydra
 16895 | Lair:5   | Reached skill level 10 in Invocations
 16902 | Lair:5   | Reached XP level 14. HP: 90/113 MP: 21/21
 17441 | Lair:5   | Found a staircase to the Slime Pits.
 17973 | Lair:5   | Reached skill level 15 in Invocations
 17997 | Lair:5   | Noticed a dire elephant
 18085 | Lair:5   | Noticed a dire elephant
 18220 | Lair:5   | Reached XP level 15. HP: 120/120 MP: 26/26
 18309 | Lair:5   | Reached skill level 12 in Polearms
 18817 | D:11     | Received a gift from Nemelex Xobeh
 19599 | D:12     | Received a gift from Nemelex Xobeh
 19630 | D:12     | Reached skill level 13 in Polearms
 19680 | D:12     | Noticed Urug
 19684 | D:12     | Killed Urug
 20190 | D:13     | Got Vuxzyog's Guidebook on the Non-Euclidean Glacier
 20206 | D:13     | Reached skill level 14 in Polearms
 20258 | D:13     | Received a gift from Nemelex Xobeh
 20322 | D:13     | Found a runed translucent gate.
 20323 | D:13     | Found a runed translucent gate.
 20323 | D:13     | Found a runed translucent gate.
 20330 | D:13     | Noticed Zigma's ghost (journeyman DrMo)
 20364 | D:13     | Found a gate to the Vaults.
 20468 | D:13     | Reached skill level 15 in Polearms
 21170 | D:14     | Received a gift from Nemelex Xobeh
 21599 | D:14     | Reached XP level 16. HP: 117/127 MP: 27/27
 21698 | D:15     | Entered Level 15 of the Dungeon
 22323 | D:15     | Found a staircase to the Depths.
 22441 | D:15     | Received a gift from Nemelex Xobeh
 22572 | D:15     | Found an iron altar of Okawaru.
 23051 | Snake:1  | Entered Level 1 of the Snake Pit
 23430 | Snake:2  | Received a gift from Nemelex Xobeh
 23489 | Snake:1  | Found a runed translucent door.
 23515 | Snake:1  | Found a shimmering altar of Xom.
 23515 | Snake:1  | Noticed atomjack's ghost (adept BaHu)
 24018 | Snake:1  | Noticed a nagaraja
 24024 | Snake:1  | Killed a nagaraja
 24315 | Snake:1  | Reached skill level 10 in Dodging
 24611 | Snake:2  | Noticed Aizul
 24900 | Snake:2  | Noticed Louise
 24978 | Snake:2  | Killed Aizul
 25069 | Snake:2  | Killed Louise
 25212 | Snake:2  | Received a gift from Nemelex Xobeh
 25627 | Snake:3  | Reached XP level 17. HP: 128/137 MP: 28/28
 25807 | Snake:3  | Received a gift from Nemelex Xobeh
 26045 | Snake:3  | Reached skill level 15 in Fighting
 26176 | Snake:3  | Found Aqumnuwi's Mayhem Merchandise.
 26302 | Snake:3  | Received a gift from Nemelex Xobeh
 26619 | Snake:4  | Entered Level 4 of the Snake Pit
 26793 | Snake:4  | Reached XP level 18. HP: 141/141 MP: 29/29
 27462 | Snake:4  | Reached skill level 15 in Shields
 28462 | Snake:4  | Reached skill level 16 in Polearms
 28567 | Snake:4  | Reached XP level 19. HP: 149/150 MP: 30/30
 28617 | Snake:4  | Received a gift from Nemelex Xobeh
 28794 | Snake:4  | Reached skill level 17 in Polearms
 28801 | Snake:4  | Got a serpentine rune of Zot
 29568 | Shoals:1 | Entered Level 1 of the Shoals
 29688 | Shoals:2 | Found Akapp's Antique Weapon Shop.
 29690 | Shoals:2 | Noticed Ilsuiw
 29696 | Shoals:2 | Ilsuiw changed into Ilsuiw the fire giant
 29696 | Shoals:2 | Noticed Ilsuiw
 29701 | Shoals:2 | Killed Ilsuiw the fire giant
 29712 | Shoals:2 | HP: 1/157 [water nymph/the raging water (24)]
 29714 | Shoals:2 | Slain by a merfolk

Illustrated notes

Levels and vault maps discovered:
D:1:      dpeg_arrival_three_same_balls, layout_basic,
          ebering_ecumenical_altar_hall, minmay_quantized
D:2:      layout_basic
D:3:      layout_rooms
D:4:      layout_gridville, mainiacjoe_overflow_small_starburst,
          mainiacjoe_overflow_alcove_2, bloody_makhleb,
          nemelex_spade_bored_becter, uniq_grinder
D:5:      layout_cave_pools, fiery_altar_vehumet, trog_ov_bears_minmay,
          serial_bayou_pond_c
D:6:      layout_basic, minmay_temple_entry_ruins, minmay_splitting_lines
D:7:      layout_layer_cave, lemuel_round_altar,
          minmay_shop_enchanted_jewellery, uniq_maggie
D:8:      layout_rooms, cheibrodos_worm_habitat, kiku_gazebo_garden_becter,
          lair_entry_dummy, grunt_ogre_cave
D:9:      layout_cave_pools, elyvilon_altar_5, orc_0_dummy, serial_undead,
          serial_undead_a, serial_undead_e, serial_undead_c, serial_undead_a,
          gammafunk_ghost_smash, uniq_erolcha
D:10:     layout_cave_pods, enter_bailey_3
D:11:     layout_roguey, hangedman_decor_riveting, patterned_corridor
D:12:     layout_rooms, dreamdust_wishing_well, uniq_urug
D:13:     layout_stronghold, erik_vaults_2, gammafunk_ghost_spectres,
          minmay_misc_feat_four_crosses, minmay_starry_boxes
D:14:     layout_basic, chequers_hall_statues_wall_a, minmay_holes
D:15:     hangedman_depths_entry_try_elsewhere_first, layout_loops_ring,
          okawaru_ov_weapons_minmay
Lair:1:   layout_gridlike, cheibrodos_lair_caveside_slide
Lair:2:   layout_small_grid, minmay_shoals_entry_beasts
Lair:3:   layout_big_grid, dummy_snake_entry, uniq_fannar
Lair:4:   layout_long_grid, st_stairs_3, nicolae_lair_liquid_snakes, uniq_kirke
Lair:5:   due_jungle_book, layout_loops_ring, slime_entry_1,
          minmay_shattered_shrine
Shoals:1: layout_shoals, st_sunken_temple
Shoals:2: layout_shoals, serial_shops, nicolae_shop_behind_doors, shop,
          nicolae_stop_n_shop_2, nicolae_take_the_stairs, nicolae_stop_n_shop_2,
          uniq_ilsuiw
Snake:1:  layout_grid_maze, ebering_ghost_xom, drop_trap, nicolae_snake_boneroom
Snake:2:  layout_rooms, uniq_aizul, uniq_louise
Snake:3:  layout_gridlike, minmay_shop_mayhem, grunt_megastairs_3
Snake:4:  grunt_snake_rune_pools, layout_layer_cave, nicolae_snake_linked_coils
Orc:1:    layout_caves, serial_shops, shop, lightli_church_of_beogh
Orc:2:    grunt_orc_community_town_hall, layout_diamond_mine,
          grunt_orc_community_big_house_1, grunt_orc_community_big_house_2,
          grunt_orc_community_house_1, grunt_orc_community_house_2,
          grunt_orc_community_house_3, grunt_orc_community_house_2,
          grunt_orc_community_house_3, grunt_orc_community_house_1,
          serial_shops, shop

Skill      XL: |  1  2  3  4  5  6  7  8  9 10 11 12 13 14 15 16 17 18 19 |
---------------+----------------------------------------------------------+-----
Stealth        | 3 5 |  5.0
Fighting       | 3 4 5 6 7 9 10 11 12 13 15 16 | 16.0
Armour         | 2 3 4 5 6 7 |  7.0
Staves         | 3 4 6 |  6.7
Invocations    | 3 4 5 6 10 15 | 15.0
Evocations     | 3 5 |  5.0
Throwing       | 5 |  5.0
Dodging        | 3 4 5 10 | 10.0
Polearms       | 2 8 11 15 16 17 | 17.0
Shields        | 5 12 14 15 | 15.8
Unarmed Combat | |  4.0

Action                   |  1- 3 |  4- 6 |  7- 9 | 10-12 | 13-15 | 16-18 | 19-21 || total
-------------------------+-------+-------+-------+-------+-------+-------+-------++-------
Melee: Quarterstaff      |    67 |   108 |   191 |   164 |       |       |       ||   530
       Punch             |     2 |     3 |    12 |     1 |       |       |       ||    18
       Spear             |     9 |       |       |       |       |       |       ||     9
       Halberd           |       |       |       |   426 |   740 |   821 |    98 ||  2085
       Bardiche          |       |       |       |       |       |       |    18 ||    18
 Fire: Sling             |    11 |       |       |       |       |       |       ||    11
Throw: Dart              |     6 |     4 |    20 |     9 |     4 |     1 |       ||    44
       Javelin           |       |       |     7 |    24 |       |       |       ||    31
       Boomerang         |       |       |       |    38 |     4 |    17 |    10 ||    69
Invok: Draw Destruction  |       |       |     3 |     6 |    15 |    13 |    13 ||    50
       Draw Summoning    |       |       |       |     4 |     3 |     4 |     4 ||    15
       Deal Four         |       |       |       |       |     2 |       |       ||     2
       Draw Stack        |       |       |       |       |     1 |       |     1 ||     2
       Stack Five        |       |       |       |       |     1 |       |       ||     1
       Draw Escape       |       |       |       |       |       |       |     2 ||     2
 Abil: Dig               |       |       |     5 |     7 |     7 |    18 |       ||    37
Evoke: Wand              |       |       |     2 |     8 |     9 |     4 |       ||    23
       Tin of tremorston |       |       |       |       |     2 |     2 |       ||     4
  Use: Scroll            |     4 |     3 |    10 |     9 |     5 |     5 |     3 ||    39
       Potion            |       |     1 |     1 |     4 |     2 |     3 |     8 ||    19
 Stab: Sleeping          |     1 |       |     1 |     6 |     9 |    11 |       ||    28
       Distracted        |       |       |       |     1 |       |     6 |       ||     7
       Invisible         |       |       |       |       |     4 |     3 |       ||     7
Armor: Chain mail        |    51 |    58 |    82 |       |       |       |       ||   191
       Leather armour    |     1 |       |       |       |       |       |       ||     1
       Steam dragon scal |       |       |    19 |   186 |     2 |       |       ||   207
       Troll leather arm |       |       |       |       |   187 |   127 |    28 ||   342
Dodge: Dodged            |    29 |    34 |    77 |   257 |   192 |   175 |    40 ||   804
Block: Buckler           |       |       |       |   117 |     4 |       |       ||   121
       Kite shield       |       |       |       |       |   320 |   208 |       ||   528
       Tower shield      |       |       |       |       |       |   204 |   104 ||   308

Table legend: (Time is in decaauts)
 A = Elapsed time spent in this place.
 B = Non-inter-level travel time spent in this place.
 C = Inter-level travel time spent in this place.
 D = Time resting spent in this place.
 E = Time spent auto-exploring this place.
 F = Levels seen in this place.
 G = Mean time per level.
                   A        B        C        D        E       F      G
               +--------+--------+--------+--------+--------+-----+--------+
         Total |  29637 |  27127 |   2510 |   3895 |  10226 |  29 | 1022.0 |
       Dungeon |  14621 |  13410 |   1211 |   2196 |   5522 |  15 |  974.7 |
          Lair |   6068 |   5416 |    652 |    394 |   2245 |   5 | 1213.6 |
        Shoals |    154 |    154 |      0 |      0 |      0 |   2 |   77.0 |
     Snake Pit |   6342 |   5955 |    387 |   1230 |   1896 |   4 | 1585.5 |
  Orcish Mines |   2170 |   1912 |    258 |     70 |    561 |   2 | 1085.0 |
        Bailey |    279 |    279 |      0 |      5 |      0 |   1 |  279.0 |
               +--------+--------+--------+--------+--------+-----+--------+

Top non-repeatable levels by time:
 Snake:4: 2733 daAuts
 Snake:1: 1815 daAuts
  Lair:5: 1801 daAuts
   Orc:2: 1630 daAuts
     D:7: 1548 daAuts
     D:4: 1386 daAuts
     D:8: 1369 daAuts
  Lair:1: 1349 daAuts
  Lair:2: 1291 daAuts
 Snake:3: 1100 daAuts
    D:13: 1091 daAuts
  Lair:4: 1086 daAuts
     D:1: 1065 daAuts
     D:5: 1030 daAuts
     D:6: 1007 daAuts
